 Dungeon Crawl Stone Soup version 0.29.1-15-g9cfb28693d (webtiles) character file.

Game seed: 15186593890256027258

256 javelincjr the Magician (level 6, -1/46 HPs)
             Began as a Djinni Conjurer on Feb 21, 2023.
             Killed by divine providence
             ... invoked by an orc priest
              (13 damage)
             ... on level 4 of the Dungeon.
             The game lasted 00:11:01 (4520 turns).

javelincjr the Magician (Djinni Conjurer)           Turns: 4520, Time: 00:11:03

Health: -1/46      AC:  4    Str:  8    XL:     6   Next: 39%
Gold:   140        EV: 12    Int: 20    God:
                   SH:  0    Dex: 11

rFire   + + .      SeeInvis .   f - +0 short sword (freeze)
rCold   x . .      Faith    .   (no shield)
rNeg    . . .      Spirit   .   u - +0 leather armour
rPois   ∞          Reflect  .   (no helmet)
rElec   .          Harm     .   t - +0 cloak
rCorr   .          Rampage  .   (no gloves)
Will    .....                   (boots unavailable)
Stlth   +.........              (no amulet)
HPRegen 0.15/turn               (no ring)
MPRegen 0.00/turn               (no ring)

@: confused, flying, very slightly contaminated
A: sickness immunity, fire resistance 2, cold vulnerability 1, float, innate
caster, HP casting, extra vitality 1
a: no special abilities


You were on level 4 of the Dungeon.
You visited 1 branch of the dungeon, and saw 4 of its levels.

You collected 140 gold pieces.

Inventory:

Hand Weapons
 c - a +0 dagger
 f - a +0 short sword of freezing (weapon)
Armour
 a - a +0 robe
 t - a +0 cloak (worn)
 u - a +0 leather armour (worn)
Jewellery
 h - a ring of positive energy
Scrolls
 d - 3 scrolls of identify {unknown}
 k - a scroll of teleportation {unknown}
 l - a scroll of brand weapon {unknown}
 n - a scroll of vulnerability {unknown}
 o - a scroll of poison {unknown}
 q - a scroll of blinking {unknown}
 s - a scroll of enchant armour {unknown}
Potions
 b - a potion of flight {unknown}
 e - a potion of lignification {unknown}
 g - a potion of brilliance {unknown}
 i - a potion of cancellation {unknown}
 j - 3 potions of curing {unknown}
 m - a potion of heal wounds {unknown}
 p - a potion of ambrosia {unknown}
 r - a potion of mutation {unknown}
 v - a potion of magic {unknown}
 w - a potion of resistance {unknown}


   Skills:
 * Level 3.0 Fighting
 + Level 1.9 Armour
 + Level 3.1 Dodging
 + Level 2.6 Stealth
 * Level 4.0 Spellcasting


You couldn't memorise any spells.
You knew the following spells:

 Your Spells              Type           Power      Damage    Failure   Level
a - Magic Dart            Conj           80%        1d7       3%          1
b - Searing Ray           Conj           40%        2d5       5%          2
c - Dazzling Flash        Conj/Hex       40%        N/A       11%         3
d - Fulminant Prism       Conj/Hex       10%        3d9       34%         4
e - Iskenderun's Mystic   Conj/Tloc      20%        2d6       34%         4
f - Summon Small Mammal   Summ           80%        N/A       3%          1
g - Static Discharge      Conj/Air       20%        3-6/arc   5%          2
Your spell library was empty.

Dungeon Overview and Level Annotations

Branches:
Dungeon (4/15)
 Temple: D:4-7

Altars:
Xom


Innate Abilities, Weirdness & Mutations

You are immune to sickness and miasma.
You are immune to poison.
Your flesh is very heat resistant. (rF++)
You are vulnerable to cold. (rC-)
You float through the air rather than walking.
You learn spells naturally, not from books.
Your magical power is your life essence.
You have superior vitality. (+4 MHP)


Message History

The orc wizard hits you but does no damage.
The orc wizard hits you with a +0 dagger.
Casting: Searing Ray (safe; 5% risk of failure)
Confirm with . or Enter, or press ? or * to list all spells.
Aiming: Searing Ray (safe; 5% risk of failure)
Press: ? - help, Shift-Dir - straight line, f - orc priest, p - orc wizard
Aim: an orc priest, wielding a +0 flail (78% to hit)
You miscast Searing Ray.
Nothing appears to happen.
The orc wizard mumbles some strange words.
The orc wizard flickers and vanishes!
Deactivating autopickup; reactivate with Ctrl-A.
A magic dart appears from out of thin air!
The magic dart hits you!
The orc wizard gestures at you while chanting.
You are confused.
The orc priest invokes the aid of Beogh against you.
Beogh smites you!
The orc wizard hits you but does no damage.
You hear some strange, mumbled words.
You are more confused.
The orc wizard hits you with a +0 dagger.
You miss something.
You hear some strange, mumbled words.
Something tries to affect you, but you resist.
The orc wizard points at you and mumbles some strange words.
The puff of flame misses you.
You bump into the rock wall.
You bump into the rock wall.
The orc wizard hits you but does no damage.
You hit the orc wizard. You freeze the orc wizard.
The orc wizard is lightly wounded.
Something hits you but does no damage. The orc wizard closely misses you.
You bump into the rock wall.
You hear some strange, mumbled words.
Something tries to affect you, but you resist.
The orc wizard hits you with a +0 dagger.
* * * LOW HITPOINT WARNING * * *
The orc priest calls down the wrath of Beogh upon you.
Beogh smites you!
You die...

#.# #.# ........
#.# .......# #.#
...... #.# .....
#o#
##..############o#
............)...@#
...#####.........#
†......#.#######.#
##.##.##.# ....
#####.##.# #.###
##.......# #.#
##.##....# #.# ##
####.# #.# ....#
#.# .#


You could see an orc priest and an orc wizard.

Vanquished Creatures
  A hound (D:4)
  Jessica (D:2)
  An orc wizard (D:3)
  An adder (D:2)
  2 worms (D:2)
  4 dart slugs
  6 orcs (D:3)
  2 endoplasms
  4 giant cockroaches
  4 goblins
  3 hobgoblins
  5 jackals
  5 quokkas
  5 ball pythons
  9 bats
  7 frilled lizards
  5 kobolds (D:1)
  10 rats
75 creatures vanquished.

Vanquished Creatures (collateral kills)
  A phantom (D:4)
1 creature vanquished.

Vanquished Creatures (others)
  12 plants (D:3)
12 creatures vanquished.

Grand Total: 88 creatures vanquished

Notes
Turn   | Place    | Note
-------+----------+-------------------------------------------
     0 | D:1      | javelincjr the Djinni Conjurer began the quest for the Orb.
     0 | D:1      | javelincjr set off with the following spells memorised:
                  | Magic Dart, Searing Ray, Dazzling Flash, Fulminant Prism,
                  | Iskenderun's Mystic Blast.
     0 | D:1      | Reached XP level 1. HP: 15/15 MP: 0/0
   178 | D:1      | Reached XP level 2. HP: 5/22 MP: 0/0
   612 | D:1      | Reached skill level 1 in Fighting
  1107 | D:1      | You are sucked into a shaft and drop 1 floor!
  1147 | D:2      | Reached XP level 3. HP: 22/27 MP: 0/0
  1147 | D:2      | Learned a level 1 spell: Summon Small Mammal
  1285 | D:2      | Noticed Jessica
  1752 | D:2      | Found a shimmering altar of Xom.
  2182 | D:2      | Reached XP level 4. HP: 27/33 MP: 0/0
  2367 | D:2      | Killed Jessica
  2368 | D:2      | Reached skill level 1 in Armour
  3023 | D:3      | Reached XP level 5. HP: 37/38 MP: 0/0
  3023 | D:3      | Learned a level 2 spell: Static Discharge
  3838 | D:3      | Found a faded altar of an unknown god.
  4254 | D:4      | Noticed a phantom
  4265 | D:4      | Killed a phantom
  4266 | D:4      | Reached skill level 4 in Spellcasting
  4266 | D:4      | Reached XP level 6. HP: 16/46 MP: 0/0
  4520 | D:4      | Killed from afar by an orc priest

Illustrated notes

Levels and vault maps discovered:
D:1:      mushboom_english_gardens, layout_basic, amethyst_killhole,
          palyth_stone_intersect
D:2:      layout_basic, basic_altar, uniq_jessica
D:3:      layout_loops_ring, dilly_ecumenical_altar_fadedgnrine,
          kennysheep_path_1, kennysheep_small_spiral
D:4:      layout_basic, nicolae_underground_beach

Skill      XL: |  1  2  3  4  5 |
---------------+----------------+-----
Fighting       | 1 2 3 |  3.0
Stealth        | 2 |  2.6
Armour         | 1 |  1.9
Dodging        | 3 |  3.1
Spellcasting   | 4 |  4.0

Action                   |  1- 3 |  4- 6 || total
-------------------------+-------+-------++-------
Melee: Dagger            |     3 |       ||     3
       Short sword       |     1 |     9 ||    10
 Cast: Magic Dart        |    73 |    48 ||   121
       Searing Ray       |     5 |    10 ||    15
       Summon Small Mamm |       |     2 ||     2
 Stab: Sleeping          |     1 |       ||     1
Armor: Robe              |     4 |     2 ||     6
       Leather armour    |       |     6 ||     6
Dodge: Dodged            |    19 |    15 ||    34
